 Dungeon Crawl Stone Soup version 0.28.0-45-g0d030f2227 (webtiles) character file.

Game seed: 15546903179365060071

64299 joshe the Destroyer (level 14, -9/110 HPs)
             Began as a Demigod Conjurer on Apr 15, 2022.
             Mangled by a dire elephant (34 damage)
             ... on level 4 of the Lair of Beasts.
             The game lasted 02:59:08 (30673 turns).

joshe the Destroyer (Demigod Conjurer)             Turns: 30673, Time: 02:59:09

Health: -9/110     AC: 10    Str: 13    XL:     14   Next: 33%
Magic:  2/41       EV: 11    Int: 36    God:
Gold:   815        SH: 14    Dex: 12    Spells: 6/33 levels left

rFire   . . .      SeeInvis .   P - +2 falchion (elec)
rCold   . . .      Faith    .   S - +0 kite shield
rNeg    . . .      Spirit   .   L - +1 robe of the Sparrow {Str+5 Archmagi}
rPois   +          Reflect  +   g - +0 helmet
rElec   .          Harm     .   A - +0 cloak
rCorr   +          Rampage  .   z - +0 pair of gloves
Will    +....      Archmagi +   I - +2 pair of boots
Stlth   +.........              t - amulet of reflection
HPRegen 0.28/turn               m - ring of wizardry
MPRegen 0.27/turn               N - ring "Daock" {rPois rCorr MP+9}

@: mighty, very slow
A: high MP 1, forlorn, divine attributes
a: no special abilities


You were on level 4 of the Lair of Beasts.
You visited 3 branches of the dungeon, and saw 17 of its levels.
You also visited: Sewer and Bailey.

You collected 1445 gold pieces.
You spent 630 gold pieces at shops.

Inventory:

Hand Weapons
 p - a +1 dagger of venom
 P - a +2 falchion of electrocution (weapon)
Missiles
 l - 2 atropa-tipped darts
 n - 4 datura-tipped darts
 s - 18 poisoned darts
Armour
 g - a +0 helmet (worn)
 y - the +1 robe "Xamapuoh" {rC+ Dex+4}
   (You took it off a centaur on level 5 of the Dungeon)

   Dex:       It affects your dexterity (+4).
   rC:        It protects you from cold.
 z - a +0 pair of gloves (worn)
 A - a +0 cloak (worn)
 C - the +0 leather armour of Haunted Satisfaction {rElec rC- Int+3}
   (You found it on level 6 of the Dungeon)

   Int:       It affects your intelligence (+3).
   rC:        It makes you vulnerable to cold.
   rElec:     It insulates you from electricity.
 I - a +2 pair of boots (worn)
 L - the +1 robe of the Sparrow (worn) {Str+5 Archmagi}
   (You found it on level 8 of the Dungeon)

   Str:       It affects your strength (+5).
   Archmagi:  It increases the power of your magical spells.
 S - a +0 kite shield (worn)
Jewellery
 f - a ring of protection from fire
 j - a ring of flight
 m - a ring of wizardry (left hand)
 t - an amulet of reflection (around neck)
 J - the ring of Surprise {rPois rN+ Str+4}
   (You found it on level 4 of the Lair of Beasts)

   [ring of poison resistance]

   Str:       It affects your strength (+4).
   rPois:     It protects you from poison.
   rN:        It protects you from negative energy.
 N - the ring "Daock" (right hand) {rPois rCorr MP+9}
   (You found it on level 9 of the Dungeon)

   [ring of magical power]

   rPois:     It protects you from poison.
   MP:        It affects your magic capacity (+9).
   rCorr:     It protects you from acid and corrosion.
 O - a ring of protection from fire
 T - a ring of see invisible
Wands
 c - a wand of iceblast (5)
 q - a wand of polymorph (4)
 K - a wand of paralysis (10)
 M - a wand of flame (31)
 Q - a wand of mindburst (8)
Scrolls
 a - a scroll of enchant weapon
 b - 2 scrolls of amnesia
 e - 5 scrolls of teleportation
 h - 2 scrolls of blinking
 o - 2 scrolls of fear
 B - 2 scrolls of fog
 R - 2 scrolls of immolation
Potions
 d - 4 potions of curing
 i - 2 potions of magic
 k - 2 potions of cancellation
 r - 2 potions of haste
 u - a potion of heal wounds
 v - 4 potions of flight
 w - 6 potions of mutation
 x - a potion of berserk rage
 E - a potion of invisibility
 F - 2 potions of lignification
 G - 2 potions of might
 H - a potion of resistance {unknown}


   Skills:
 - Level 6.0 Fighting
 - Level 4.0 Armour
 - Level 4.0 Dodging
 - Level 2.0 Stealth
 - Level 6.0 Shields
 - Level 10.0 Spellcasting
 - Level 11.0 Conjurations
 - Level 10.0 Hexes
 - Level 5.0 Translocations
 - Level 5.0 Transmutations
 + Level 3.6 Fire Magic
 - Level 10.0 Earth Magic
 - Level 4.0 Evocations


You had 6 spell levels left.
You knew the following spells:

 Your Spells              Type           Power      Damage    Failure   Level
a - Magic Dart            Conj           100%       1d8       1%          1
b - Searing Ray           Conj           100%       2d8       1%          2
c - Fulminant Prism       Conj/Hex       48%        3d21      1%          4
d - Iskenderun's Mystic   Conj/Tloc      85%        2d17      1%          4
e - Lee's Rapid Deconstr  Erth           47%        3d23*     1%          5
f - Statue Form           Tmut/Erth      54%        N/A       17%         6
g - Fireball              Conj/Fire      41%        3d17      3%          5

Your spell library contained the following spells:

 Spells                   Type           Power      Damage    Failure   Level
 Confusing Touch          Hex            94%        N/A       1%          3
 Conjure Flame            Conj/Fire      82%        6-21      1%          3
 Dazzling Flash           Conj/Hex       100%       N/A       1%          3
 Flame Wave               Conj/Fire      82%        2d14      1%          4
 Petrify                  Tmut/Erth      82%        N/A       1%          4
 Sticky Flame             Conj/Fire      82%        2d9       1%          4
 Animate Skeleton         Necr           54%        N/A       2%          1
 Pain                     Necr           100%       1d9       2%          1
 Ignite Poison            Fire/Tmut/Pois 55%        N/A       2%          3
 Passage of Golubria      Tloc           69%        N/A       3%          4
 Yara's Violent Unravell  Hex/Tmut       41%        3d16      3%          5
 Sublimation of Blood     Necr           27%        N/A       4%          2
 Vampiric Draining        Necr           27%        2d7       8%          3
 Metabolic Englaciation   Hex/Ice        34%        N/A       9%          5
 Silence                  Hex/Air        34%        N/A       9%          5
 Summon Forest            Summ/Tloc      26%        N/A       24%         5
 Eringya's Noxious Bog    Tmut/Pois      26%        N/A       77%         6
 Death Channel            Necr           13%        N/A       97%         6
 Enfeeble                 Hex            47%        N/A       32%         7
 Lehudib's Crystal Spear  Conj/Erth      48%        10d11     89%         8
 Summon Hydra             Summ           13%        N/A       100%        7


Dungeon Overview and Level Annotations

Branches:
Dungeon (10/15)            Temple (0/1) D:6            Lair (6/6) D:8
 Shoals (0/4) Lair:3        Snake (1/4) Lair:2        Slime (0/5) Lair:5
  Sewer (visited)          Bailey (visited)
    Orc: D:9-12

Shops:
D:5 (=:(   D:6 (   D:10 [

Portals:
Abyss: D:4


Innate Abilities, Weirdness & Mutations

You have an increased reservoir of magic. (+10% MP)
You shall have no god before yourself.
Your divine heritage dramatically boosts your attributes as you level up.


Message History

You block the dire elephant's attack.
The dire elephant trunk-slaps you but does no damage.
That's the wrong kind of item! (Use * to select it.) Evoke which item? (* to show all) (? for menu, Esc to quit)
Okay, then.
Aiming: Throw Flame
Press: ? - help, Shift-Dir - straight line, f/p - dire elephant
Aim: a dire elephant (steam, almost dead, 100% to hit)
The puff of flame hits the dire elephant.
The dire elephant is almost dead.
You block the dire elephant's attack.
The dire elephant trunk-slaps you but does no damage.
You block the dire elephant's attack.
The dire elephant trunk-slaps you but does no damage.
Casting: Iskenderun's Mystic Blast (mildly dangerous; 1% risk of failure)
Confirm with . or Enter, or press ? or * to list all spells.
Aiming: Magic Dart (safe; 1% risk of failure)
Press: ? - help, Shift-Dir - straight line, f/p - dire elephant
Aim: a dire elephant (almost dead, 100% to hit)
The magic dart hits the dire elephant but does no damage.
The dire elephant is almost dead.
You block the dire elephant's attack.
The dire elephant trunk-slaps you but does no damage.
You feel very mighty all of a sudden. The dire elephant closely misses you.
The dire elephant trunk-slaps you but does no damage.
The dire elephant tramples you but does no damage.
The dire elephant closely misses you.
Your unstable footing causes you to fumble your attack.
You revert to your normal fleshy form.
Your +0 pair of gloves unmelds from your body.
Your +2 pair of boots unmelds from your body.
The +1 robe of the Sparrow {Str+5 Archmagi} unmelds from your body.
The dire elephant tramples you.
You hold your ground!
The dire elephant trunk-slaps you. The dire elephant tramples you!!
* * * LOW HITPOINT WARNING * * *
You hold your ground!
The dire elephant trunk-slaps you but does no damage.
You feel much better. The dire elephant tramples you!!
You die...

*≈≈≈≈#*#≈≈≈≈≈≈≈≈.≈≈≈≈≈≈.....
*8##≈##♣≈≈≈♣♣≈≈≈≈≈≈≈≈≈≈≈....
**#≈≈#.♣≈≈≈♣♣≈≈≈≈≈≈≈≈≈≈≈....
*#≈≈S##.♣≈≈≈♣≈≈≈≈≈≈≈≈≈≈≈....
#≈≈≈**#♣♣≈≈≈♣≈≈≈≈≈≈≈≈≈≈≈....
#≈≈8* ♣≈≈≈♣♣≈.P≈≈≈≈≈≈≈....#
#≈≈,* ♣♣≈≈♣♣♣....≈≈≈≈.....#
#≈≈≈** #≈≈≈♣♣♣...........♣♣#
**≈≈≈* ♣≈≈≈@♣♣♣..........♣..
*#≈≈* #≈≈Y≈♣ ♣P......P.♣♣♣.
###≈≈* ♣≈≈≈♣♣ ♣♣♣P....♣♣♣ ♣.
#≈≈≈S*#♣≈≈≈♣ ♣...P.♣ ♣.
#≈≈≈≈≈#≈≈≈≈♣ ♣♣♣.♣♣♣ ♣.
#≈≈≈≈†'≈≈≈♣♣ ♣♣♣ ♣♣♣ #.
#######♣♣♣♣♣♣♣♣.♣♣♣♣♣♣# #.
♣....♣..♣♣.# ##.
#..........## #..


You could see a dire elephant.

Vanquished Creatures
  3 dire elephants (Lair:6)
  The ghost of Zeld the Stormcaller, a journeyman TeAE of Vehumet (Lair:1)
  An ice dragon (Lair:4)
  A catoblepas (Lair:2)
  A boulder beetle (D:9)
  10 hydras
  Erica (D:9)
  A death yak (Lair:4)
  A two-headed ogre (D:10)
  Sonja (Lair:3)
  A spectral death yak (Lair:6)
  A spectral anaconda (Lair:6)
  An obsidian statue (Lair:6)
  2 lindwurms
  A deep elf zephyrmancer (Bailey)
  4 necromancers (Lair:6)
  An orc knight (Bailey)
  A deep elf pyromancer (D:8)
  A manticore (Lair:6)
  6 black mambas
  11 elephants
  A torpor snail (Lair:2)
  15 cane toads
  A gargoyle (D:10)
  15 rime drakes
  A dire elephant zombie (Lair:6)
  13 komodo dragons
  3 kobold demonologists (D:9)
  A troll (D:10)
  The ghost of Soldner the Chopper, an amateur MiFi of Okawaru (D:4)
  5 polar bears
  5 slime creatures (D:10)
  Prince Ribbit (D:7)
  A hornet (D:7)
  10 dream sheep
  11 blink frogs
  2 shadows
  15 wyverns
  2 humans (D:8)
  A vampire (D:7)
  36 yaks
  10 basilisks
  A steam dragon (D:6)
  An acid dragon (D:9)
  A hell hound (Lair:6)
  22 water moccasins
  An elephant zombie (Lair:6)
  4 ice beasts
  7 orc warriors
  A black bear (D:6)
  A hornet zombie (D:8)
  5 necrophages
  8 wolves
  3 ogres
  9 centaurs
  3 kobold brigands
  12 bullfrogs
  5 scorpions
  A water moccasin zombie (D:5)
  11 wights
  5 killer bees (D:7)
  An elephant simulacrum (Lair:6)
  6 spriggan skeletons (D:10)
  3 howler monkeys (D:9)
  A troll skeleton (D:10)
  2 electric eels
  6 hounds
  A human zombie (D:8)
  A quasit (D:4)
  5 orc priests
  A jelly (D:7)
  5 centaur zombies
  3 bullfrog skeletons
  A gnoll shaman (D:7)
  2 centaur skeletons
  An iron imp (D:4)
  4 iguanas
  Natasha (D:3)
  9 orc wizards
  2 yak simulacra (Lair:6)
  4 hell rats (Lair:6)
  2 polar bear simulacra (Lair:6)
  A merfolk siren (Sewer)
  A statue (D:4)
  A merfolk avatar (Sewer)
  A small abomination (D:4)
  A killer bee zombie (D:8)
  4 wolf simulacra (Lair:6)
  A mummy (D:8)
  2 howler monkey zombies
  13 adders
  6 gnolls
  A howler monkey skeleton (D:7)
  A river rat (Sewer)
  2 shadow imps (D:7)
  3 white imps
  2 ufetubi
  An adder skeleton (D:4)
  A dart slug (D:1)
  30 orcs
  11 bats
  12 endoplasms
  4 giant cockroaches
  14 goblins
  7 hobgoblins
  9 jackals
  3 kobolds
  10 quokkas
  15 ball pythons
  6 frilled lizards
  31 rats
  3 river rat simulacra (Lair:6)
  A bush (Lair:6)
  2 butterflies (Lair:5)
  A fulminant prism (Lair:4)
564 creatures vanquished.

Vanquished Creatures (others)
  A bush (Lair:6)
  311 fulminant prisms
  99 fungi
  162 plants
  13 toadstools (Lair:4)
  26 withered plants (Lair:6)
612 creatures vanquished.

Grand Total: 1176 creatures vanquished

Notes
Turn   | Place    | Note
-------+----------+-------------------------------------------
     0 | D:1      | joshe the Demigod Conjurer began the quest for the Orb.
     0 | D:1      | Reached XP level 1. HP: 14/14 MP: 5/5
   403 | D:1      | Reached XP level 2. HP: 20/20 MP: 2/7
   493 | D:1      | Learned a level 2 spell: Searing Ray
   683 | D:1      | Reached skill level 4 in Conjurations
  1066 | D:1      | Reached XP level 3. HP: 26/26 MP: 6/8
  2014 | D:2      | Reached skill level 5 in Conjurations
  2014 | D:2      | Reached XP level 4. HP: 33/33 MP: 5/9
  2019 | D:2      | Learned a level 4 spell: Fulminant Prism
  2169 | D:2      | Reached skill level 1 in Hexes
  2845 | D:3      | Reached XP level 5. HP: 16/38 MP: 0/11
  3147 | D:3      | Noticed Natasha
  3151 | D:3      | Killed Natasha
  3396 | D:3      | Noticed a water elemental
  3396 | D:3      | Noticed a fire elemental
  3396 | D:3      | Noticed an air elemental
  3626 | D:3      | Noticed a sky beast
  4061 | D:4      | Found a transporter.
  4273 | D:4      | Found a glowing drain.
  4296 | Sewer    | Entered a sewer
  4551 | Sewer    | Reached XP level 6. HP: 45/45 MP: 8/13
  4614 | Sewer    | Learned a level 4 spell: Iskenderun's Mystic Blast
  5252 | D:4      | Reached skill level 6 in Conjurations
  5421 | D:4      | Found a transporter.
  5425 | D:4      | Noticed Soldner's ghost (amateur MiFi)
  5437 | D:4      | Found a one-way gate to the infinite horrors of the Abyss.
  5753 | D:5      | Entered Level 5 of the Dungeon
  5866 | D:5      | Reached XP level 7. HP: 45/50 MP: 4/16
  6195 | D:5      | Found Ynetato's Jewellery Shoppe.
  6197 | D:5      | Found Vous's Weapon Shoppe.
  6341 | D:5      | Found Feus's Antique Weapon Shoppe.
  6347 | D:5      | Found Umemea's Book Shoppe.
  6347 | D:5      | Identified the +1 robe "Xamapuoh" {rC+ Dex+4}
  6960 | D:5      | Reached skill level 7 in Conjurations
  6960 | D:5      | Reached skill level 1 in Evocations
  7639 | D:6      | Found a staircase to the Ecumenical Temple.
  7733 | D:6      | Reached skill level 1 in Armour
  7956 | D:6      | Reached XP level 8. HP: 57/57 MP: 8/17
  8037 | D:6      | Found Tusou's Antique Weapon Boutique.
  8069 | D:6      | Reached skill level 8 in Conjurations
  8098 | D:6      | Reached skill level 1 in Fighting
  8188 | D:6      | Identified the +0 leather armour of Haunted Satisfaction
                  | {rElec rC- Int+3}
  8857 | D:6      | Reached skill level 5 in Spellcasting
  8863 | D:6      | Learned a level 5 spell: Lee's Rapid Deconstruction
  9173 | D:6      | Reached skill level 5 in Hexes
  9173 | D:6      | Reached skill level 1 in Earth Magic
  9173 | D:6      | Reached XP level 9. HP: 67/67 MP: 10/20
  9579 | D:7      | Found a flagged portal.
  9656 | Bailey   | Entered a bailey
  9674 | Bailey   | Reached skill level 5 in Earth Magic
  9862 | Bailey   | Noticed an orc knight
  9872 | Bailey   | Killed an orc knight
 10093 | Bailey   | Found a large runed translucent door.
 10093 | Bailey   | Found a large runed translucent door.
 10094 | Bailey   | Noticed a deep elf zephyrmancer
 10149 | Bailey   | Killed a deep elf zephyrmancer
 10472 | D:7      | Reached XP level 10. HP: 73/73 MP: 8/24
 10803 | D:7      | Noticed Prince Ribbit
 10806 | D:7      | Killed Prince Ribbit
 12467 | D:8      | Found a staircase to the Lair.
 12485 | D:8      | Identified the +1 robe of the Sparrow {Str+5 Archmagi}
 13151 | D:8      | Noticed a deep elf pyromancer
 13158 | D:8      | Killed a deep elf pyromancer
 13430 | D:9      | Noticed Erica
 13446 | D:9      | Killed Erica
 13464 | D:9      | Noticed a boulder beetle
 13697 | D:9      | Identified the ring "Daock" {rPois rCorr MP+9}
 14007 | D:9      | Killed a boulder beetle
 14317 | D:9      | Reached XP level 11. HP: 84/84 MP: 20/27
 14769 | D:10     | Entered Level 10 of the Dungeon
 14798 | D:10     | Found Quwkiaqo's Armour Shop.
 15084 | D:10     | Learned a level 6 spell: Statue Form
 15165 | D:10     | Reached skill level 1 in Transmutations
 15210 | D:10     | Noticed a two-headed ogre
 15224 | D:10     | Killed a two-headed ogre
 16407 | Lair:1   | Entered Level 1 of the Lair of Beasts
 16407 | Lair:1   | Noticed a four-headed hydra
 16552 | Lair:1   | Killed a four-headed hydra
 16561 | D:8      | Reached skill level 5 in Transmutations
 18656 | Lair:1   | Found a large runed translucent door.
 18664 | Lair:1   | Found a large runed translucent door.
 18669 | Lair:1   | Noticed Zeld's ghost (journeyman TeAE)
 18952 | D:4      | Killed Soldner's ghost
 19210 | Lair:2   | Reached XP level 12. HP: 91/91 MP: 26/28
 19221 | Lair:2   | Noticed a five-headed hydra
 19898 | Lair:2   | Killed a six-headed hydra
 20184 | Lair:2   | Found a staircase to the Snake Pit.
 20289 | Lair:2   | Reached skill level 9 in Conjurations
 20626 | Lair:2   | Noticed a catoblepas
 20644 | Lair:2   | Killed a catoblepas
 21309 | Lair:3   | Found a staircase to the Shoals.
 21311 | Lair:3   | Noticed Sonja
 21316 | Lair:3   | Killed Sonja
 21331 | Lair:3   | Noticed a seven-headed hydra
 21519 | Snake:1  | Entered Level 1 of the Snake Pit
 21611 | Lair:3   | You fall into a shaft and drop 3 floors!
 21611 | Lair:6   | Entered Level 6 of the Lair of Beasts
 21798 | Lair:5   | Noticed a four-headed hydra
 21883 | Lair:5   | Noticed a six-headed hydra
 21915 | Lair:4   | Noticed a seven-headed hydra
 21959 | Lair:4   | Found a frozen archway.
 21959 | Lair:4   | Noticed an ice dragon
 22335 | Lair:3   | Killed a seven-headed hydra
 22336 | Lair:3   | Reached skill level 5 in Fighting
 23034 | Lair:4   | Killed an ice dragon
 23035 | Lair:4   | Reached XP level 13. HP: 66/102 MP: 9/30
 23427 | Lair:4   | Reached skill level 10 in Conjurations
 23709 | Lair:4   | Noticed a dire elephant
 23731 | Lair:4   | Found a runed translucent door.
 23941 | Lair:4   | Identified the ring of Surprise {rPois rN+ Str+4}
 24679 | Lair:5   | Found a staircase to the Slime Pits.
 25004 | Lair:5   | Reached skill level 10 in Spellcasting
 25316 | Lair:5   | Reached skill level 5 in Translocations
 25612 | Lair:5   | Reached skill level 10 in Earth Magic
 26274 | Lair:6   | Noticed a dire elephant
 26276 | Lair:6   | Noticed a dire elephant
 26277 | Lair:6   | Noticed a dire elephant
 26779 | Lair:6   | Reached skill level 1 in Shields
 26978 | Lair:6   | Reached skill level 10 in Hexes
 27997 | Lair:6   | Reached skill level 5 in Shields
 27997 | Lair:6   | Reached XP level 14. HP: 110/110 MP: 28/32
 29441 | D:5      | Bought the Grimoire of Necromancy and Heat for 630 gold
                  | pieces
 29447 | D:5      | Learned a level 5 spell: Fireball
 29874 | Lair:6   | Reached skill level 1 in Fire Magic
 30357 | Lair:1   | Killed Zeld's ghost
 30620 | Lair:4   | Reached skill level 11 in Conjurations
 30672 | Lair:4   | HP: 3/110 [dire elephant (32)]
 30673 | Lair:4   | Mangled by a dire elephant

Illustrated notes

Levels and vault maps discovered:
D:1:      dpeg_arrival_stone_temple_mockup, layout_basic
D:2:      layout_loops_ring
D:3:      layout_loops_ring, nicolae_qazlal_style_of_elements,
          grunt_temple_overflow_open, hellmonk_ecumenical_altar_dog_temple,
          hangedman_glass_teeth, dk_noncrumbling_4,
          chequers_serial_rivers_micro_c, minmay_misc_feat_pillars, st_stairs_6,
          uniq_natasha
D:4:      layout_rooms, mainiacjoe_overflow_alcove_2, vehumet_statue,
          gup_sewer_entry_bubbles, gammafunk_ghost_abyssal_escape,
          minmay_crossroads
D:5:      layout_basic, minmay_shop_grid_forest
D:6:      cheibrodos_barr_body, layout_gridville, minmay_temple_entry_tees,
          serial_shops, kennysheep_little_box
D:7:      layout_basic, xom_confusion_cloud, mainiacjoe_overflow_cross_hatched,
          mainiacjoe_overflow_small_starburst, enter_bailey_5,
          uniq_prince_ribbit1
D:8:      layout_basic, lemuel_mausoleum_altar_kikubaaqudgha, okawaru_humans,
          dpeg_oklobed_lair
D:9:      layout_loops_ring, mainiacjoe_overflow_brackets,
          kennysheep_generic_room_7, uniq_erica
D:10:     layout_long_grid, serial_shops, nicolae_take_the_stairs,
          hangedman_tell_no_tales
Lair:1:   layout_regular_city, ebering_ghost_disaster_area, serial_bayou_lake_a
Lair:2:   layout_long_grid, minmay_snake_entry_six_corridors,
          nicolae_volcano_entry_s_turn, serial_forest,
          infiniplex_forest_lined_corner, infiniplex_forest_straight_4,
          infiniplex_forest_end_1, infiniplex_forest_end_2,
          infiniplex_forest_lined_2, infiniplex_forest_straight_3
Lair:3:   layout_roguey, minmay_shoals_entry_centaurs, uniq_sonja
Lair:4:   gammafunk_lair_enchanted_lake, layout_small_grid,
          portal_ice_cave_entry_animals_and_master, serial_bayou_shore_b
Lair:5:   layout_cave_pods, slime_dummy, lemuel_fruit_fields,
          lemuel_fruit_fields
Lair:6:   due_jungle_book, layout_layer_cave, special_room
          [special_room_mythical_zoo], eino_house_with_fridge,
          grunt_megastairs_4
Snake:1:  layout_cave_pods, serial_shops, shop, shop, nicolae_lakefront_shop,
          ebering_ghost_xom

Skill      XL: |  1  2  3  4  5  6  7  8  9 10 11 12 13 14 |
---------------+-------------------------------------------+-----
Stealth        | 2 |  2.0
Dodging        | 2 4 |  4.0
Spellcasting   | 2 3 4 5 6 8 9 10 | 10.0
Conjurations   | 4 5 6 7 8 9 10 11 | 11.0
Hexes          | 2 3 5 6 7 9 10 | 10.0
Translocations | 2 3 4 5 |  5.0
Evocations     | 2 4 |  4.0
Armour         | 2 4 |  4.0
Fighting       | 2 4 6 |  6.0
Earth Magic    | 1 5 6 8 9 10 | 10.0
Transmutations | 5 |  5.0
Shields        | 5 6 |  6.0
Fire Magic     | 3 |  3.6

Action                   |  1- 3 |  4- 6 |  7- 9 | 10-12 | 13-15 || total
-------------------------+-------+-------+-------+-------+-------++-------
Melee: Dagger            |       |     2 |     2 |     3 |     1 ||     8
       Hand axe          |       |       |    17 |     8 |       ||    25
       Punch             |       |       |       |     1 |       ||     1
       Falchion          |       |       |       |    21 |    13 ||    34
Throw: Dart              |       |       |       |     3 |       ||     3
 Cast: Magic Dart        |    68 |   126 |    49 |    44 |    25 ||   312
       Searing Ray       |     6 |    16 |    18 |    32 |    29 ||   101
       Fulminant Prism   |       |    12 |    61 |   124 |   115 ||   312
       Iskenderun's Myst |       |     2 |     7 |   113 |    92 ||   214
       Lee's Rapid Decon |       |       |       |    34 |    15 ||    49
       Statue Form       |       |       |       |     8 |     6 ||    14
       Fireball          |       |       |       |       |     5 ||     5
 Abil: End Transformatio |       |       |       |     1 |       ||     1
Evoke: Wand              |       |       |     8 |     6 |     5 ||    19
  Use: Scroll            |       |     3 |     2 |    21 |     3 ||    29
       Potion            |       |       |       |     5 |     2 ||     7
Armor: Robe              |     3 |     3 |     4 |    20 |     9 ||    39
       Leather armour    |       |       |     1 |       |       ||     1
       Skin              |       |       |       |    75 |    42 ||   117
Dodge: Dodged            |     9 |    21 |    20 |    99 |    34 ||   183
Block: Other             |       |     5 |     9 |    50 |     5 ||    69
       Reflection        |       |       |     1 |     2 |     2 ||     5
       Kite shield       |       |       |       |       |    45 ||    45
